 Dungeon Crawl Stone Soup version 0.18.1-6-gd335043 (webtiles) character file.

31 namelastname112 the Charmwright (level 3, 0/30 HPs)
             Began as a Draconian Skald on May 15, 2016.
             Was an Initiate of Nemelex Xobeh.
             Succumbed to an adder's poison
             ... on level 1 of the Dungeon.
             The game lasted 00:03:08 (1294 turns).

namelastname112 the Charmwright (Draconian Skald)   Turns: 1294, Time: 00:03:08

Health: 0/30       AC:  6    Str: 14    XL:     3   Next: 7%
Magic:  6/6        EV: 12    Int: 12    God:    Nemelex Xobeh [......]
Gold:   73         SH:  0    Dex: 11    Spells: 1 memorised, 5 levels left

rFire  . . .     SeeInvis .     e - scroll of fog {unknown}
rCold  . . .     Gourm    .     (armour unavailable)
rNeg   . . .     Faith    .     (no shield)
rPois  .         Spirit   .     (helmet restricted)
rElec  .         Dismiss  .     t - +0 cloak {+Inv}
rCorr  .         Reflect  .     (no gloves)
SustAt .         Harm     .     (no boots)
MR     .....                    (no amulet)
Stlth  +.........               (no ring)
                                g - ring of flight

@: lethally poisoned (0 -> -4), very slightly contaminated, hasted, very quick,
not resistant to hostile enchantments, very unstealthy
A: unfitting armour, cold-blooded, AC +5
a: Renounce Religion, Evoke Invisibility, Evoke Flight


You were on level 1 of the Dungeon.
You worshipped Nemelex Xobeh.
Nemelex Xobeh was noncommittal.
You were very hungry.

You visited 1 branch of the dungeon, and saw 2 of its levels.

You collected 73 gold pieces.

Inventory:

Hand Weapons
 a - a +0 falchion
Armour
 i - a +0 buckler
 t - a +0 cloak of invisibility (worn)
Jewellery
 g - a ring of flight (left hand)
 l - a +4 ring of protection {unknown}
Scrolls
 e - a scroll of fog (in hand) {unknown}
 f - a scroll of enchant armour {unknown}
 h - a scroll of amnesia {unknown}
 j - 2 scrolls of teleportation {unknown}
 o - a scroll of identify {unknown}
 p - 2 scrolls of remove curse {unknown}
Potions
 d - a potion of flight
Books
 b - a book of Battle

   Spells                             Type                      Level
   a - Infusion                       Charms                       1
   b - Shroud of Golubria             Charms/Translocation         2
   c - Song of Slaying                Charms                       2
   d - Spectral Weapon                Hexes/Charms                 3
   e - Regeneration                   Charms/Necromancy            3
Miscellaneous
 q - a plain deck of destruction
Comestibles
 c - a bread ration
 k - a slice of pizza
 r - a beef jerky


   Skills:
 + Level 2.6 Fighting
 * Level 2.2 Long Blades
 + Level 1.5 Dodging
 + Level 0.4 Shields
 + Level 2.1 Spellcasting
 + Level 2.9 Charms
 * Level 1.0 Evocations


You had 5 spell levels left.
You knew the following spells:

 Your Spells              Type           Power        Failure   Level  Hunger
a - Infusion              Chrm           #...         12%         1    ##.....


Dungeon Overview and Level Annotations

Branches:
Dungeon (2/15)

Altars:
Nemelex Xobeh


Innate Abilities, Weirdness & Mutations

Your plain brown scales are hard (AC +5).
Your body does not fit into most forms of armour.
You are cold-blooded and may be slowed by cold attacks.


Message History

This spell is quite dangerous to cast!
Memorise Regeneration, consuming 3 spell levels and leaving 2?
You start memorising the spell.
You continue memorising.
Your memorisation is interrupted.
* * * LOW HITPOINT WARNING * * *
You feel sick.
You take 1 damage, and have 2/30 hp.
Unknown command.
* * * LOW HITPOINT WARNING * * *
You feel sick.
You take 1 damage, and have 1/30 hp.
You swing at nothing.
You swing at nothing.
You swing at nothing.
* * * LOW HITPOINT WARNING * * *
You feel sick.
You swing at nothing.
You swing at nothing.
You die...
Your body disappears without a glow.

##.....# #....#........#
.#.....###....#........#
.#...........##........#####
.#...........##............#
.##..........########.#.##.#
###..........# #.#.##.###
###....########### #........#
...÷............># #.####.#.#
###.).....##...#@####......#.#
#.....#.##...#.#..#.######.####
#.....#.##...#.#.........#.#...
#.....#.##...#.#....#.#..#.#.##
#####.#.##...#......#....#.#.#
###......###......#.#....#.#
###.................#.#....#.#
###...##.........#....#.#....#.#
....####.........#...........#.##


There were no monsters in sight!

Vanquished Creatures
  An adder (D:2)
  A dart slug (D:1)
  2 goblins (D:2)
  4 hobgoblins (D:1)
  2 jackals (D:2)
  6 kobolds
  4 rats
20 creatures vanquished.

Notes
Turn   | Place    | Note
--------------------------------------------------------------
     0 | D:1      | namelastname112 the Draconian Skald began the quest for the Orb.
     0 | D:1      | Reached XP level 1. HP: 17/17 MP: 3/3
     0 | D:1      | epen: стой
     0 | D:1      | namelastname112: поздно, парень
   206 | D:1      | Found a sparkling altar of Nemelex Xobeh.
   259 | D:1      | epen: го к карточнику
   299 | D:1      | epen: фокусами обмажешься
   299 | D:1      | namelastname112: я хотел паладина сделать
   299 | D:1      | Became a worshipper of Nemelex Xobeh the Trickster
   455 | D:1      | Reached XP level 2. HP: 18/24 MP: 5/5
   517 | D:1      | Received a gift from Nemelex Xobeh
  1049 | D:2      | epen: лол
  1054 | D:2      | epen: нормас табнул
  1272 | D:2      | Reached skill level 1 in Evocations
  1272 | D:2      | epen: прямо в теле
  1272 | D:2      | Reached XP level 3. HP: 11/30 MP: 6/6
  1275 | D:2      | incide: лол, кто-то на этом турнире ухитрился вынести трехрунного ддбе за 20к ходов
  1289 | D:1      | HP: 1/30 [poisoned by an adder]
  1294 | D:1      | Succumbed to an adder's poison

Skill      XL: |  1  2 |
---------------+-------+-----
Evocations     | 1 |  1.0
Fighting       | |  2.6
Long Blades    | |  2.2
Dodging        | |  1.5
Shields        | |  0.4
Spellcasting   | |  2.1
Charms         | |  2.9

Action                   || total
-------------------------++-------
Melee: Falchion          ||    82
       Tailslap          ||     4
Evoke: Deck              ||     5
  Use: Potion            ||     3
Armor: Skin              ||    26
Dodge: Dodged            ||    68
